 Dungeon Crawl Stone Soup version 0.31.0-9-g3a7656b989 (webtiles) character file.

Game seed: 12171323300175766748

205 AuftragZ the Magician (level 5, 0/28 HPs)
             Began as a Deep Elf Earth Elementalist on Feb 2, 2024.
             Slain by Terence
             ... wielding a +1 flail of holy wrath
              (10 damage)
             ... on level 2 of the Dungeon.
             The game lasted 00:06:47 (1704 turns).

AuftragZ the Magician (Deep Elf Earth Elementalist) Turns: 1704, Time: 00:06:47

Health: 0/28       AC:  2    Str:  5    XL:     5   Next: 52%
Magic:  9/14       EV: 12    Int: 22    God:
Gold:   101        SH:  0    Dex: 15    Spells: 7/14 levels left

rFire   + . .        (no weapon)
rCold   . . .        (no shield)
rNeg    . . .        a - +0 robe
rPois   .            (no helmet)
rElec   .            (no cloak)
rCorr   .            (no gloves)
SInv    .            (no boots)
Will    .....        (no amulet)
Stlth   ++           f - ring of protection from fire
HPRegen 0.24/turn    (no ring)
MPRegen 0.14/turn

%: no passive effects
@: about to teleport
A: no striking features
a: no special abilities


You were on level 2 of the Dungeon.
You visited 1 branch of the dungeon, and saw 2 of its levels.

You collected 101 gold pieces.

Inventory:

Armour
 a - a +0 robe (worn)
Jewellery
 f - a ring of protection from fire (left hand)
 h - a ring of flight
Wands
 i - a wand of polymorph (9)
Scrolls
 g - a scroll of brand weapon
Potions
 b - a potion of magic
 c - 2 potions of curing {unknown}
 e - a potion of haste {unknown}


   Skills:
 - Level 2.4 Dodging
 + Level 2.9 Stealth
 + Level 5.2 Spellcasting
 * Level 2.8 Conjurations
 + Level 5.0 Earth Magic


You had 7 spell levels left.
You knew the following spells:

 Your Spells              Type           Power      Damage    Failure   Level
a - Sandblast             Erth           54%        2d13      1%          1
b - Passwall              Erth           27%        N/A       3%          3
c - Stone Arrow           Conj/Erth      46%        3d9       6%          3

Your spell library contained the following spells:

 Spells                   Type           Power      Damage    Failure   Level
 Brom's Barrelling Bould  Conj/Erth      23%        2d4       21%         4
 Petrify                  Alch/Erth      16%        N/A       34%         4


Dungeon Overview and Level Annotations

Branches:
Dungeon (2/15)

Altars:

Annotations:
D:2 Terence


Message History

Terence barely misses you.
Unknown command.
Casting: Sandblast (safe; 1% risk of failure)
Confirm with . or Enter, or press ? or * to list all spells.
Aiming: Sandblast (safe; 1% risk of failure)
Press: ? - help, Shift-Dir - straight line, f/p - Terence
Aim: Terence, wielding a +1 flail of holy wrath and wearing a +4 chain mail of fire resistance (lightly wounded, 87% to hit)
The blast of sand hits Terence but does no damage.
Terence is lightly wounded.
Terence misses you.
Casting: Sandblast (safe; 1% risk of failure)
Confirm with . or Enter, or press ? or * to list all spells.
Aiming: Sandblast (safe; 1% risk of failure)
Press: ? - help, Shift-Dir - straight line, f/p - Terence
Aim: Terence, wielding a +1 flail of holy wrath and wearing a +4 chain mail of fire resistance (lightly wounded, 87% to hit)
The blast of sand hits Terence but does no damage.
Terence is lightly wounded.
Terence closely misses you.
Terence hits you with a +1 flail of holy wrath!
Casting: Sandblast (safe; 1% risk of failure)
Confirm with . or Enter, or press ? or * to list all spells.
Aiming: Sandblast (safe; 1% risk of failure)
Press: ? - help, Shift-Dir - straight line, f/p - Terence
Aim: Terence, wielding a +1 flail of holy wrath and wearing a +4 chain mail of fire resistance (lightly wounded, 87% to hit)
The blast of sand hits Terence but does no damage.
Terence is lightly wounded.
Terence hits you with a +1 flail of holy wrath!
As you read the scroll of teleportation, it crumbles to dust.
You feel strangely unstable. Terence barely misses you.
Casting: Sandblast (safe; 1% risk of failure)
Confirm with . or Enter, or press ? or * to list all spells.
Aiming: Sandblast (safe; 1% risk of failure)
Press: ? - help, Shift-Dir - straight line, f/p - Terence
Aim: Terence, wielding a +1 flail of holy wrath and wearing a +4 chain mail of fire resistance (lightly wounded, 87% to hit)
The blast of sand hits Terence but does no damage.
Terence is lightly wounded.
Terence closely misses you.
Terence hits you with a +1 flail of holy wrath!
You die...
Terence says, "That felt goooood."

#.... .# #.... #.# +.... ...
##....#.. #.).....# ## #
#....... .#.# #
#......####.#.#...
#...@@........(..
#.....###.[########.# #.....#
#.....# #.........#.#
#.....########## #.........#.#
#.....#........# #.....[...#.#
#.....#........###.........#.#
#.....#....................#.#
#.....#........###.#.......#.##
#.....#####.#### #.+.......'...


You could see Terence.

Vanquished Creatures
  Sigmund (D:2)
  2 adders (D:2)
  A dart slug (D:1)
  A ribbon worm (D:2)
  An endoplasm (D:1)
  2 giant cockroaches (D:1)
  5 goblins (D:1)
  6 hobgoblins
  2 jackals (D:1)
  2 kobolds (D:1)
  A quokka (D:2)
  3 ball pythons
  2 frilled lizards (D:1)
  2 rats (D:1)
31 creatures vanquished.

Notes
Turn   | Place    | Note
-------+----------+-------------------------------------------
     0 | D:1      | AuftragZ the Deep Elf Earth Elementalist began the quest
                  | for the Orb.
     0 | D:1      | Reached XP level 1. HP: 10/10 MP: 6/6
   260 | D:1      | Reached XP level 2. HP: 15/15 MP: 6/8
   382 | D:1      | Found a faded altar of an unknown god.
  1109 | D:2      | Reached XP level 3. HP: 19/19 MP: 8/10
  1253 | D:2      | Learned a level 3 spell: Passwall
  1257 | D:2      | Learned a level 3 spell: Stone Arrow
  1598 | D:2      | Noticed Sigmund
  1606 | D:2      | Killed Sigmund
  1607 | D:2      | Reached skill level 5 in Spellcasting
  1607 | D:2      | Reached skill level 5 in Earth Magic
  1607 | D:2      | Reached XP level 4. HP: 19/24 MP: 7/13
  1607 | D:2      | Reached XP level 5. HP: 23/28 MP: 7/14
  1694 | D:2      | Noticed Terence
  1704 | D:2      | Slain by Terence

Illustrated notes

Levels and vault maps discovered:
D:1:      dpeg_arrival_fog, layout_loops_corners,
          dreamdust_ecumenical_altar_angels_and_demons
D:2:      layout_basic, uniq_sigmund, uniq_terence

Skill      XL: |  1  2  3 |
---------------+----------+-----
Earth Magic    | 4 5 |  5.0
Conjurations   | 2 |  2.8
Spellcasting   | 5 |  5.2
Dodging        | |  2.4
Stealth        | |  2.9

Action                     |  1- 3 |  4- 6 || total
---------------------------+-------+-------++-------
   Cast: Sandblast         |    42 |     8 ||    50
    Use: Scroll            |     2 |     1 ||     3
 Armour: Robe              |     5 |     3 ||     8
  Dodge: Dodged            |     4 |     5 ||     9
